[Event "Titled Tuesday Blitz August 02 Late 2022"]
[White "Rustemov, Alexander"]
[Black "Kamsky, Gata"]
[WhiteFideId "4119002"]
[BlackFideId "2000024"]
[WhiteElo "2761"]
[BlackElo "2645"]
[Result "0-1"]
[Round "10"]
[TimeControl "180+1"]
[Date "2022.08.02"]
[WhiteClock "0:00:05"]
[BlackClock "0:00:40"]

1. d4 d5 2. c4 c6 3. Nf3 Nf6 4. Nc3 a6 5. c5 Bf5 6. Qb3 Qc8 7. Bf4 Nbd7 8. h3 e6 9. e3 Be7 10. Be2 Bd8 11. O-O Bc7 12. Bxc7 Qxc7 13. Qd1 O-O 14. b4 Rfe8 15. a4 e5 16. b5 axb5 17. axb5 Rxa1 18. Qxa1 exd4 19. Nxd4 Bg6 20. Qa3 Bh5 21. Bxh5 Nxh5 22. Qa7 Qc8 23. Rb1 g6 24. bxc6 bxc6 25. Rb7 Nhf6 26. Rc7 Qa8 27. Rxd7 Nxd7 28. Qxd7 Rd8 29. Qc7 Rc8 30. Qd7 Rd8 31. Qxc6 Qa1+ 32. Kh2 Qxc3 33. Qc7 Ra8 34. c6 Qb4 35. Qe5 Qb8 36. c7 Qb6 37. Qxd5 Qxc7+ 38. g3 Rd8 39. Qf3 Rb8 40. Kg2 Rb2 41. h4 Qb7 42. Qxb7 Rxb7 43. Nf3 Kg7 44. g4 h6 45. Kg3 Kf6 46. Nd4 Rb2 47. f4 h5 48. g5+ Ke7 49. Nf3 Re2 50. f5 Rxe3 51. fxg6 fxg6 52. Kf4 Ra3 53. Ne5 Ra6 54. Ke4 Kf8 55. Kd5 Kg7 56. Nf3 Ra4 57. Ke5 Rg4 58. Nd4 Rxh4 59. Ne6+ Kf7 60. Nd8+ Kg8 61. Kf6 Kh7 62. Ne6 Ra4 63. Nf8+ Kg8 64. Nxg6 h4 65. Ne7+ Kf8 66. Nf5 h3 67. g6 Ra6+ 68. Kg5 h2 69. g7+ Kg8 70. Ng3 Kxg7 71. Kh4 Rh6+ 72. Kg4 Rg6+ 73. Kh3 Rxg3+ 0-1


[Site "https://www.chess.com"]

[Event "Titled Tuesday Blitz August 02 Late 2022"]
[White "Shapiro, David"]
[Black "Olenik Campa, Rudi"]
[WhiteFideId "24133523"]
[BlackFideId "14633264"]
[WhiteElo "2300"]
[BlackElo "2066"]
[Result "1-0"]
[Round "10"]
[TimeControl "180+1"]
[Date "2022.08.02"]
[WhiteClock "0:00:51"]
[BlackClock "0:00:08"]

1. e4 c5 2. Nf3 Nc6 3. d4 cxd4 4. Nxd4 Nf6 5. Nc3 e5 6. Ndb5 d6 7. Nd5 Nxd5 8. exd5 Nb8 9. c4 a6 10. Nc3 Be7 11. Bd3 O-O 12. O-O f5 13. f3 Nd7 14. Be3 Bg5 15. Bf2 b6 16. b4 a5 17. a3 Ba6 18. Nb5 Bxb5 19. cxb5 Bf6 20. Bxf5 g6 21. Bxd7 Qxd7 22. Qe2 Qb7 23. Rac1 axb4 24. axb4 Qxd5 25. Rfd1 Qb3 26. Rxd6 Ra2 27. Rd2 Rxd2 28. Qxd2 Rd8 29. Qe1 Bg5 30. Rb1 Qd5 31. Bxb6 Rb8 32. Bc5 Rxb5 33. Rd1 Qe6 34. Rd6 Qf5 35. Qe2 Rb8 36. Qc4+ Kh8 37. Rd1 Rc8 38. Qe4 Qxe4 39. fxe4 Bh6 40. Bd6 Kg8 41. b5 Bf8 42. b6 Bxd6 43. Rxd6 Kf7 44. b7 Rb8 45. Rd7+ Kf6 46. Rxh7 Kg5 47. g3 Rd8 48. Kf2 Rf8+ 49. Ke3 Kg4 50. Kd3 Rd8+ 51. Kc4 Kf3 52. Rc7 Rb8 53. Kd5 Re8 54. Rc8 1-0


[Site "https://www.chess.com"]

[Event "Titled Tuesday Blitz August 02 Late 2022"]
[White "Shohat, Yotam"]
[Black "Mardov, Dimitar"]
[WhiteFideId "2813955"]
[BlackFideId "30919495"]
[WhiteElo "2119"]
[BlackElo "2185"]
[Result "0-1"]
[Round "10"]
[TimeControl "180+1"]
[Date "2022.08.02"]
[WhiteClock "0:00:53"]
[BlackClock "0:00:06"]

1. e4 e5 2. Nf3 Nc6 3. Nc3 g6 4. d4 exd4 5. Nxd4 Bg7 6. Nxc6 bxc6 7. Bc4 Ne7 8. O-O O-O 9. Bg5 Rb8 10. Bb3 d6 11. f4 Qe8 12. Kh1 Kh8 13. Bh4 Be6 14. g4 Bxb3 15. axb3 Nc8 16. Qd3 Rb4 17. Bf2 f5 18. gxf5 gxf5 19. e5 Rxf4 20. exd6 Nxd6 21. Bxa7 Rxf1+ 22. Rxf1 f4 23. Bd4 Qg6 24. Qxg6 hxg6 25. Ne2 g5 26. Bxg7+ Kxg7 27. Nd4 Re8 28. h4 Kg6 29. hxg5 Kxg5 30. Rf2 Ne4 31. Rg2+ Ng3+ 32. Kg1 Re1+ 33. Kf2 Rf1# 0-1


[Site "https://www.chess.com"]

[Event "Titled Tuesday Blitz August 02 Late 2022"]
[White "Sjugirov, Sanan"]
[Black "Oparin, Grigoriy"]
[WhiteFideId "4189302"]
[BlackFideId "24125890"]
[WhiteElo "2609"]
[BlackElo "2639"]
[Result "1-0"]
[Round "10"]
[TimeControl "180+1"]
[Date "2022.08.02"]
[WhiteClock "0:00:02"]
[BlackClock "0:00:03"]

1. e4 e5 2. Nf3 Nc6 3. Bb5 Nf6 4. d3 d6 5. O-O Be7 6. c3 O-O 7. Re1 a6 8. Ba4 Re8 9. Nbd2 b5 10. Bc2 d5 11. Qe2 Bg4 12. h3 Bh5 13. Nf1 Bc5 14. Ng3 Bg6 15. Bg5 d4 16. a3 h6 17. Bd2 Nd7 18. b4 dxc3 19. Bxc3 Bb6 20. a4 Nf8 21. Bb3 Qd6 22. Nh4 Nd4 23. Bxd4 Bxd4 24. Ngf5 Qxb4 25. Rab1 Qa3 26. axb5 axb5 27. Qg4 Ra6 28. Nxd4 exd4 29. f4 c5 30. f5 Bh7 31. e5 c4 32. dxc4 Qc5 33. cxb5 d3+ 34. Kh1 Rb6 35. f6 g6 36. Nf5 Ne6 37. Nxh6+ Kf8 38. Qh4 g5 39. Qg3 Rxb5 40. Bxe6 Rxb1 41. Rxb1 d2 42. Rd1 Qc1 43. Bb3 Bc2 44. Bxc2 Qxc2 45. Qf3 Rxe5 46. Qa8+ Re8 47. Qa3+ Re7 48. Qxe7# 1-0


[Site "https://www.chess.com"]

[Event "Titled Tuesday Blitz August 02 Late 2022"]
[White "Tica, Sven"]
[Black "Harvey, Marcus R"]
[WhiteFideId "14526948"]
[BlackFideId "400092"]
[WhiteElo "2346"]
[BlackElo "2485"]
[Result "1-0"]
[Round "10"]
[TimeControl "180+1"]
[Date "2022.08.02"]
[WhiteClock "0:01:39"]
[BlackClock "0:00:02"]

1. e4 e6 2. b3 d5 3. Bb2 dxe4 4. Nc3 Nf6 5. Qe2 Bb4 6. O-O-O Qe7 7. Nxe4 Ba3 8. Nxf6+ Qxf6 9. d4 Bxb2+ 10. Kxb2 O-O 11. Nf3 a5 12. Qe5 Qe7 13. Bd3 a4 14. Bxh7+ Kxh7 15. Qh5+ Kg8 16. Ng5 a3+ 17. Kb1 Qxg5 18. Qxg5 Nc6 19. h4 Ra5 20. Qg3 Rd5 21. h5 Kh7 22. Qxc7 Nxd4 23. c4 Rd7 24. Qe5 f6 25. Qe4+ f5 26. Qe5 Nc6 27. Qg3 e5 28. Qg6+ Kh8 29. Rxd7 Ne7 30. Rxe7 1-0


[Site "https://www.chess.com"]

[Event "Titled Tuesday Blitz August 02 Late 2022"]
[White "Viana Da Costa, Fernando"]
[Black "Tanenbaum, Zachary"]
[WhiteFideId "2111900"]
[BlackFideId "2060850"]
[WhiteElo "2277"]
[BlackElo "2175"]
[Result "0-1"]
[Round "10"]
[TimeControl "180+1"]
[Date "2022.08.02"]
[WhiteClock "0:00:04"]
[BlackClock "0:00:08"]

1. e4 e5 2. Nf3 Nc6 3. Bc4 Nf6 4. d3 Be7 5. O-O O-O 6. h3 d6 7. c3 Na5 8. Bb5 a6 9. Ba4 b5 10. Bc2 c5 11. Nbd2 Nc6 12. Re1 Qc7 13. Nf1 h6 14. Ng3 Be6 15. Nh4 Rfe8 16. Nhf5 d5 17. Qf3 d4 18. Nh5 Bxf5 19. exf5 Nxh5 20. Qxh5 Bf6 21. Bb3 Qd7 22. Qf3 Rad8 23. a4 c4 24. axb5 axb5 25. dxc4 b4 26. Ba4 Rc8 27. cxb4 Qd6 28. c5 Qc7 29. Bd2 Red8 30. b5 Ne7 31. c6 Nd5 32. Bb3 Nb6 33. Ba5 Rb8 34. Bxb6 Rxb6 35. Bc4 Rbb8 36. Ra6 Be7 37. Rea1 Bc5 38. f6 g6 39. Qe4 Kh7 40. b4 Bb6 41. Re1 Re8 42. Qd5 Kg8 43. Re4 Rbd8 44. Rg4 Rxd5 45. Bxd5 Kh7 46. Re4 d3 47. Bb3 Rd8 48. Re1 d2 49. Rd1 Rd6 50. Kf1 e4 51. Ke2 Rxf6 52. Rxd2 Rxf2+ 53. Kd1 Rxd2+ 54. Kxd2 Qf4+ 55. Kc2 Qf2+ 56. Kb1 Qg1+ 57. Kb2 Qd4+ 58. Ka2 e3 0-1


[Site "https://www.chess.com"]

[Event "Titled Tuesday Blitz August 02 Late 2022"]
[White "Vovk, Orest"]
[Black "Alekseenko, Kirill"]
[WhiteFideId "14113490"]
[BlackFideId "4135539"]
[WhiteElo "2203"]
[BlackElo "2682"]
[Result "0-1"]
[Round "10"]
[TimeControl "180+1"]
[Date "2022.08.02"]
[WhiteClock "0:00:02"]
[BlackClock "0:01:02"]

1. h3 a6 2. g4 Ra7 3. Bg2 Ra8 4. d4 Ra7 5. Nc3 Ra8 6. e4 d6 7. Be3 g6 8. Qd2 Bg7 9. O-O-O Nd7 10. Nge2 e6 11. f4 Ne7 12. h4 b5 13. a3 Nb6 14. b3 Bb7 15. h5 gxh5 16. Rxh5 Qd7 17. d5 exd5 18. exd5 a5 19. Bd4 Bxd4 20. Qxd4 Rf8 21. Rxh7 b4 22. Ne4 Qb5 23. Nf6+ Kd8 24. Bf1 bxa3 25. Nc3 Qb4 26. Qe3 a4 27. Na2 Qc5 28. Qxc5 dxc5 29. d6 cxd6 30. Rxd6+ Kc7 31. Rd1 axb3 32. cxb3 Nbd5 33. Nxd5+ Bxd5 34. Bc4 Bxc4 35. bxc4 Ra4 36. Kb1 Rxc4 37. Ka1 Rxf4 38. g5 Ng6 39. Rc1 Kc6 40. Rh3 Ra8 41. Rhc3 Ra5 42. Rb3 Raa4 43. Rb8 Rac4 44. Rd1 Rfd4 45. Rc8+ Kd5 46. Rxd4+ cxd4 47. Rd8+ Ke4 48. Rd7 Ne5 49. Re7 d3 50. Re8 d2 51. Rd8 Rc1+ 0-1


[Site "https://www.chess.com"]

[Event "Titled Tuesday Blitz August 02 Late 2022"]
[White "Wagner, Dennis"]
[Black "Steinberg, Nitzan"]
[WhiteFideId "24650684"]
[BlackFideId "2801795"]
[WhiteElo "2355"]
[BlackElo "2471"]
[Result "0-1"]
[Round "10"]
[TimeControl "180+1"]
[Date "2022.08.02"]
[WhiteClock "0:00:02"]
[BlackClock "0:00:19"]

1. e4 c5 2. Nf3 e6 3. d4 cxd4 4. Nxd4 Nc6 5. Nc3 Qc7 6. Be3 a6 7. Be2 Nf6 8. O-O Be7 9. f4 d6 10. Qe1 O-O 11. Qg3 Bd7 12. Kh1 b5 13. a3 Nxd4 14. Bxd4 Bc6 15. Bd3 Qb7 16. Rae1 b4 17. axb4 Qxb4 18. Ne2 Qb7 19. Ng1 Rac8 20. b3 a5 21. Nf3 a4 22. bxa4 Bxa4 23. Rb1 Qd7 24. c3 Rb8 25. Rxb8 Rxb8 26. e5 dxe5 27. fxe5 Nd5 28. Ng5 Bxg5 29. Qxg5 Bb5 30. Bxb5 Qxb5 31. Qc1 Qd3 32. h3 h6 33. Rf3 Qe4 34. Kh2 Ra8 35. Qf1 Rf8 36. Rg3 Kh7 37. Rg4 Qc2 38. Qf3 Ne7 39. Qe4+ Qxe4 40. Rxe4 Rc8 41. Re2 Nd5 42. Rf2 Kg6 43. Rf3 f5 44. exf6 gxf6 45. Rg3+ Kf7 46. Rf3 Ke7 47. g4 e5 48. Bf2 Nxc3 49. Bh4 Nd5 50. Rf2 Ke6 51. Kg2 Rc3 52. Bg3 e4 53. Ra2 Rc6 54. Re2 f5 55. gxf5+ Kxf5 56. Rf2+ Ke6 57. Re2 Rc4 58. Ra2 Kf5 59. Rf2+ Kg5 60. Ra2 Rd4 61. Ra5 Rd2+ 62. Kf1 Kf5 63. Ke1 Rd3 64. Bf2 e3 65. Bxe3 Rxe3+ 66. Kf2 Re5 67. Kg3 Nf6 68. Ra4 h5 69. Rf4+ Kg5 70. h4+ Kg6 71. Rf3 Re4 72. Kh3 Rg4 73. Ra3 Nd5 74. Ra6+ Kf5 75. Ra5 Ke5 76. Rb5 Ke4 77. Ra5 Nf4+ 78. Kh2 Rxh4+ 79. Kg3 Rg4+ 80. Kh2 h4 81. Ra4+ Ke5 82. Ra5+ Kf6 83. Ra6+ Kg5 84. Ra5+ Kh6 85. Ra4 Kh5 86. Ra5+ Rg5 87. Ra4 Kg4 88. Rb4 Re5 89. Kh1 h3 90. Ra4 Re3 91. Kh2 Re2+ 92. Kh1 Rf2 93. Kg1 Kg3 94. Ra3+ Rf3 95. Ra2 Rb3 96. Ra1 Nd3 0-1


[Site "https://www.chess.com"]

[Event "Titled Tuesday Blitz August 02 Late 2022"]
[White "Wieczorek, Oskar"]
[Black "Swiercz, Dariusz"]
[WhiteFideId "1133950"]
[BlackFideId "1126881"]
[WhiteElo "2330"]
[BlackElo "2627"]
[Result "0-1"]
[Round "10"]
[TimeControl "180+1"]
[Date "2022.08.02"]
[WhiteClock "0:00:05"]
[BlackClock "0:00:08"]

1. e4 Nc6 2. Nf3 d6 3. d4 Nf6 4. Nc3 Bg4 5. Be2 e6 6. Ng1 Bxe2 7. Ngxe2 d5 8. e5 Nd7 9. O-O h5 10. f4 g6 11. Kh1 Ne7 12. Be3 Nf5 13. Bf2 c5 14. dxc5 Bxc5 15. Bxc5 Nxc5 16. Nd4 Nxd4 17. Qxd4 Qb6 18. Na4 Nxa4 19. Qxa4+ Qc6 20. Qa3 a6 21. Rf3 Qd7 22. Rc3 Rd8 23. Rd1 Qe7 24. Qa4+ Kf8 25. Rb3 Kg7 26. Qb4 Rd7 27. Qxe7 Rxe7 28. Kg1 Rc8 29. c3 Rc4 30. Rd4 b5 31. Kf2 Rec7 32. Rb4 Kf8 33. Rdxc4 dxc4 34. a4 Rc5 35. axb5 axb5 36. b3 cxb3 37. Rxb3 Ke7 38. Ke3 Kd7 39. Kd3 Rd5+ 40. Ke3 Rc5 41. Kd3 Rd5+ 42. Ke3 g5 43. g3 gxf4+ 44. gxf4 Rc5 45. Ra3 Kc6 46. Kd4 Rc4+ 47. Ke3 Kd5 48. Rb3 Kc5 49. Ra3 Ra4 50. Rb3 Kc4 51. Rb1 Ra3 52. f5 Rxc3+ 53. Kf4 Rc2 54. fxe6 fxe6 55. Kg5 Rf2 56. Kxh5 Rxh2+ 57. Kg6 Rf2 58. Rc1+ Kd5 59. Rb1 Kc5 60. Rc1+ Kd5 61. Rb1 Kxe5 62. Rxb5+ Kd4 63. Kg5 e5 64. Kg4 e4 65. Kg3 Rf8 66. Rb1 e3 67. Rd1+ Kc3 68. Rd7 e2 69. Rc7+ Kd2 70. Rd7+ Ke1 71. Kg2 Rg8+ 72. Kf3 Kf1 0-1


[Site "https://www.chess.com"]

[Event "Titled Tuesday Blitz August 02 Late 2022"]
[White "Yanchenko, Roman"]
[Black "Sarana, Alexey"]
[WhiteFideId "4137329"]
[BlackFideId "24133795"]
[WhiteElo "2514"]
[BlackElo "2666"]
[Result "0-1"]
[Round "10"]
[TimeControl "180+1"]
[Date "2022.08.02"]
[WhiteClock "0:00:05"]
[BlackClock "0:00:41"]

1. d4 Nf6 2. c4 e6 3. Nf3 d5 4. Nc3 Bb4 5. Bg5 dxc4 6. e3 b5 7. a4 c6 8. g3 Bb7 9. Bg2 Nbd7 10. O-O a6 11. Ne5 Nxe5 12. dxe5 Qxd1 13. Rfxd1 Nd5 14. Bxd5 cxd5 15. e4 d4 16. Rxd4 Bc5 17. Rd2 b4 18. Ne2 Bxe4 19. Be3 Be7 20. Rd4 Bd5 21. Nf4 O-O-O 22. Nxd5 exd5 23. Rad1 Kb7 24. Rxd5 Rxd5 25. Rxd5 Rd8 26. Rxd8 Bxd8 27. Kf1 Kc6 28. Ke2 Kd5 29. f4 Ke4 30. Bc5 b3 31. Bb4 Bb6 32. Bc3 g6 33. h3 h5 34. e6 fxe6 35. Bf6 Ba5 36. Kd1 Kd3 37. Kc1 Bd2+ 38. Kb1 Be3 39. Be5 Ke4 40. g4 hxg4 41. hxg4 Bxf4 0-1


[Site "https://www.chess.com"]

[Event "Titled Tuesday Blitz August 02 Late 2022"]
[White "Zhigalko, Sergei"]
[Black "Vazquez Espino, Uriel"]
[WhiteFideId "13502956"]
[BlackFideId "5119138"]
[WhiteElo "2662"]
[BlackElo "2406"]
[Result "1-0"]
[Round "10"]
[TimeControl "180+1"]
[Date "2022.08.02"]
[WhiteClock "0:00:23"]
[BlackClock "0:00:05"]

1. e4 c5 2. Nf3 e6 3. c3 Nf6 4. e5 Nd5 5. Bc4 d6 6. d4 cxd4 7. cxd4 Nc6 8. O-O Be7 9. Bd2 O-O 10. Nc3 Nxc3 11. Bxc3 Qc7 12. Qe2 Rd8 13. a3 d5 14. Bd3 Bf8 15. Bxh7+ Kxh7 16. Ng5+ Kg6 17. h4 f6 18. Qd3+ f5 19. Qg3 Kh5 20. Qf3+ Kg6 21. Bd2 Nxd4 22. h5+ Kh6 23. Qd3 Qc4 24. Nxe6+ Kh7 25. Qxc4 dxc4 26. Nxd8 Bd7 27. Nf7 Be7 28. Bg5 Bxg5 29. Nxg5+ Kg8 30. Rfd1 Nb3 31. Rxd7 Nxa1 32. Rxb7 Re8 33. e6 Nb3 34. Rxa7 Nd4 35. Ra6 c3 36. bxc3 Ne2+ 37. Kh2 Nxc3 38. a4 Nd5 39. a5 Nf6 40. Rb6 Nxh5 41. a6 Nf6 42. a7 g6 43. Rb8 1-0


[Site "https://www.chess.com"]

[Event "Titled Tuesday Blitz August 02 Late 2022"]
[White "Altman, Joshua"]
[Black "Bilych, Olexiy"]
[WhiteFideId "426210"]
[BlackFideId "14156504"]
[WhiteElo "1945"]
[BlackElo "2189"]
[Result "0-1"]
[Round "11"]
[TimeControl "180+1"]
[Date "2022.08.02"]
[WhiteClock "0:02:30"]
[BlackClock "0:02:39"]

1. d4 Nf6 2. c4 e6 3. Nf3 d5 4. Nc3 c5 5. cxd5 cxd4 6. Qxd4 exd5 7. Bg5 Be7 8. e3 O-O 9. Be2 h6 10. Bh4 Be6 11. O-O Nc6 12. Qd2 Ne4 13. Nxe4 dxe4 14. Qxd8 Bxd8 15. Bxd8 exf3 16. Bxf3 Rfxd8 17. Rac1 Rd2 18. Bxc6 bxc6 19. Rxc6 Rxb2 20. g3 Rxa2 0-1


[Site "https://www.chess.com"]

[Event "Titled Tuesday Blitz August 02 Late 2022"]
[White "Bogaudinov, Rushan"]
[Black "Wu, Rochelle"]
[WhiteFideId "4129288"]
[BlackFideId "30908132"]
[WhiteElo "2010"]
[BlackElo "2168"]
[Result "0-1"]
[Round "11"]
[TimeControl "180+1"]
[Date "2022.08.02"]
[WhiteClock "0:00:22"]
[BlackClock "0:00:18"]

1. d4 d5 2. c4 c6 3. Nc3 Nf6 4. cxd5 cxd5 5. Nf3 Nc6 6. e3 a6 7. Be2 Bf5 8. O-O e6 9. a3 Bd6 10. Nh4 Be4 11. f3 Bg6 12. b4 Rc8 13. Bb2 Nd7 14. g3 Nb6 15. b5 Na5 16. bxa6 Nac4 17. axb7 Rb8 18. Bc1 Rxb7 19. a4 Bb4 20. Nb5 O-O 21. Nxg6 hxg6 22. Qb3 Bd2 23. Bxc4 Nxc4 24. Ba3 Bxe3+ 25. Kg2 Re8 26. Rfd1 Qf6 27. Rd3 Bh6 28. Bc5 e5 29. Qc2 e4 30. fxe4 dxe4 31. Qxc4 exd3 32. Qxd3 Qc6+ 33. Qf3 Re2+ 34. Kh3 Qxf3 0-1


[Site "https://www.chess.com"]

[Event "Titled Tuesday Blitz August 02 Late 2022"]
[White "Bortnyk, Olexandr"]
[Black "Grischuk, Alexander"]
[WhiteFideId "14120828"]
[BlackFideId "4126025"]
[WhiteElo "2723"]
[BlackElo "2762"]
[Result "1-0"]
[Round "11"]
[TimeControl "180+1"]
[Date "2022.08.02"]
[WhiteClock "0:00:09"]
[BlackClock "0:00:03"]

1. d4 Nf6 2. Nc3 d5 3. Bf4 e6 4. Nb5 Bb4+ 5. c3 Ba5 6. a4 a6 7. b4 axb5 8. axb5 Bxb4 9. Rxa8 Bxc3+ 10. Bd2 Bxd2+ 11. Qxd2 Nbd7 12. Qb4 Ne4 13. e3 Nb6 14. Ra2 Qd6 15. Qxd6 Nxd6 16. Nf3 Bd7 17. Ra5 f6 18. Bd3 Ke7 19. O-O Nbc4 20. Bxc4 dxc4 21. Rc1 Bxb5 22. Nd2 Kd7 23. e4 Bc6 24. e5 b6 25. Raa1 Nf5 26. Nxc4 Rd8 27. Nxb6+ cxb6 28. Ra7+ Ke8 29. Rxc6 Nxd4 30. Rxb6 Nc6 31. Ra1 Nxe5 32. Rxe6+ Kf7 33. Rb6 Rd7 34. h3 h5 35. Re1 h4 36. Kf1 g5 37. Ra6 Kg7 38. Rea1 Rd2 39. R6a2 Rd4 40. Rc2 Kg6 41. Ra6 Rd1+ 42. Ke2 Rd4 43. f3 Nd3 44. Ke3 Rd7 45. Rd2 Ne5 46. Rxd7 Nxd7 47. Ra5 Ne5 48. Ke4 Nf7 49. Rd5 Nh6 50. f4 g4 51. Ra5 gxh3 52. gxh3 Nf7 53. Kf3 Nh6 54. Rb5 Nf5 55. Kg4 Nd4 56. Rb8 f5+ 57. Kxh4 Ne2 58. Rb6+ 1-0


[Site "https://www.chess.com"]

[Event "Titled Tuesday Blitz August 02 Late 2022"]
[White "Chiu, Isaac"]
[Black "D`Arruda, Ricardo D."]
[WhiteFideId "30900654"]
[BlackFideId "100692"]
[WhiteElo "2181"]
[BlackElo "2466"]
[Result "0-1"]
[Round "11"]
[TimeControl "180+1"]
[Date "2022.08.02"]
[WhiteClock "0:01:08"]
[BlackClock "0:00:51"]

1. b3 e5 2. Bb2 Nc6 3. e3 d6 4. c4 Nf6 5. Nc3 Be7 6. d4 exd4 7. exd4 O-O 8. d5 Ne5 9. Be2 Re8 10. h3 Bf8 11. Nb5 Bf5 12. Kf1 c5 13. dxc6 bxc6 14. Nd4 Bd7 15. Ngf3 Ng6 16. Kg1 c5 17. Nc2 Bc6 18. Ne3 Nf4 19. Bf1 g6 20. g3 Ne6 21. Bg2 Bh6 22. Nd5 Bg7 23. Ne3 Rc8 24. Rc1 Ne4 25. Bxg7 Kxg7 26. h4 h5 27. Qc2 Nd4 28. Nxd4 cxd4 29. Nf1 Qf6 30. Rd1 Nc3 31. Bxc6 Rxc6 32. Rd2 d5 33. cxd5 Ne2+ 34. Rxe2 Rxc2 35. Rxc2 d3 36. Rd2 Qf3 37. Rh2 Re1 38. Rg2 Rd1 39. Rb2 Qe2 0-1


[Site "https://www.chess.com"]

[Event "Titled Tuesday Blitz August 02 Late 2022"]
[White "Clarke, Brandon G I"]
[Black "Przybylski, Wojciech"]
[WhiteFideId "400319"]
[BlackFideId "1117599"]
[WhiteElo "2414"]
[BlackElo "2133"]
[Result "1-0"]
[Round "11"]
[TimeControl "180+1"]
[Date "2022.08.02"]
[WhiteClock "0:01:31"]
[BlackClock "0:00:35"]

1. e4 e5 2. Nf3 Nc6 3. Bc4 Nf6 4. Ng5 d5 5. exd5 Na5 6. Bb5+ c6 7. dxc6 bxc6 8. Bd3 Be7 9. O-O O-O 10. Re1 Qc7 11. Nc3 h6 12. Nf3 Bd6 13. Bf1 Bg4 14. h3 Bh5 15. d3 Nd5 16. Ne4 Be7 17. Ng3 Bxf3 18. Qxf3 Rfe8 19. Nf5 Bf8 20. Bd2 Nb7 21. Qg3 Kh7 22. Qh4 Re6 23. d4 Rae8 24. dxe5 Rxe5 25. Rxe5 Rxe5 26. Bd3 Kg8 27. Qg3 Nc5 28. Nxh6+ Kh8 29. Ng4 Nxd3 30. Qxd3 Re6 31. Re1 Rxe1+ 32. Bxe1 Qb6 33. Bc3 Bb4 34. Bxb4 Qxb4 35. b3 Qe1+ 36. Kh2 Nc3 37. Qd8+ Kh7 38. Qh4+ Kg8 39. Qg5 Ne2 40. Nf6+ Kf8 41. Qc5# 1-0


[Site "https://www.chess.com"]

[Event "Titled Tuesday Blitz August 02 Late 2022"]
[White "Danielyan, Vahe"]
[Black "Maltsevskaya, Aleksandra"]
[WhiteFideId "13304828"]
[BlackFideId "24174041"]
[WhiteElo "2419"]
[BlackElo "2243"]
[Result "0-1"]
[Round "11"]
[TimeControl "180+1"]
[Date "2022.08.02"]
[WhiteClock "0:01:45"]
[BlackClock "0:00:47"]

1. e4 c5 2. Nc3 e6 3. Nge2 Nc6 4. g3 h5 5. d4 cxd4 6. Nxd4 h4 7. Ndb5 hxg3 8. fxg3 d6 9. Bf4 e5 10. Be3 Nf6 11. Be2 a6 12. Na3 Be6 13. Nc4 b5 14. Nb6 Rb8 15. Nbd5 Be7 16. Nxf6+ Bxf6 17. Nd5 Bg5 18. Qd2 Bxe3 19. Nxe3 O-O 20. O-O Nd4 21. c3 Nxe2+ 22. Qxe2 b4 23. c4 b3 24. axb3 Rxb3 25. Rxa6 Qb8 26. Nd5 Bxd5 27. cxd5 Rxb2 28. Qf3 Qb4 29. Rc6 Qd4+ 30. Kh1 Qd2 31. Qh5 Qg2# 0-1


[Site "https://www.chess.com"]

[Event "Titled Tuesday Blitz August 02 Late 2022"]
[White "Domingo Nunez, Ruben"]
[Black "Djordjevic, Vuk"]
[WhiteFideId "22245570"]
[BlackFideId "902098"]
[WhiteElo "2373"]
[BlackElo "2456"]
[Result "0-1"]
[Round "11"]
[TimeControl "180+1"]
[Date "2022.08.02"]
[WhiteClock "0:00:03"]
[BlackClock "0:00:09"]

1. c4 e5 2. Nc3 Nc6 3. Nf3 g6 4. d4 exd4 5. Nxd4 Bg7 6. Nc2 d6 7. g3 Be6 8. Ne3 Qd7 9. Ned5 Nd8 10. Bf4 Ne7 11. Bh6 Bxd5 12. Bxg7 Bxh1 13. Bxh8 Qe6 14. Qd3 Bc6 15. Bd4 Nf5 16. O-O-O Nxd4 17. Qxd4 Qe5 18. Qxe5+ dxe5 19. Bh3 f5 20. e4 fxe4 21. b4 Kf8 22. b5 Be8 23. Nxe4 Ke7 24. Nc3 c6 25. Re1 Nf7 26. f4 cxb5 27. cxb5 Rd8 28. fxe5 Rd3 29. Kc2 Rf3 30. Re2 Ng5 31. Bg2 Rf5 32. g4 Rf7 33. Bxb7 Ne6 34. Rd2 Kf8 35. Nd5 Rxb7 36. Rf2+ Bf7 37. a4 Kg7 38. Kc3 Nc5 0-1


[Site "https://www.chess.com"]

[Event "Titled Tuesday Blitz August 02 Late 2022"]
[White "Gschnitzer, Adrian"]
[Black "Wagner, Dennis"]
[WhiteFideId "1270337"]
[BlackFideId "24650684"]
[WhiteElo "2294"]
[BlackElo "2355"]
[Result "1-0"]
[Round "11"]
[TimeControl "180+1"]
[Date "2022.08.02"]
[WhiteClock "0:00:11"]
[BlackClock "0:00:02"]

1. e4 e5 2. Nf3 Nc6 3. Bc4 Nf6 4. d3 Bc5 5. c3 d6 6. O-O a6 7. a4 h6 8. Re1 O-O 9. h3 a5 10. Nbd2 Be6 11. b3 d5 12. exd5 Nxd5 13. Ne4 Bb6 14. Bb2 Nf4 15. d4 Bxc4 16. bxc4 f5 17. Ng3 e4 18. c5 Ba7 19. Nh2 Qd5 20. Nhf1 Nd3 21. Ne3 Qf7 22. Nexf5 Nxe1 23. Qg4 Kh7 24. Rxe1 g6 25. Nh4 Qxf2+ 26. Kh2 Ne7 27. Rxe4 Rae8 28. Rxe7+ Rxe7 29. Qxg6+ Kh8 30. Qxh6+ Kg8 31. Ng6 Rh7 32. Qg5 Rg7 33. Nh5 c6 34. Ne7+ Kf7 35. Qxg7+ Ke8 36. Ng6 Bb8+ 37. Ne5 Rf7 38. Qg8+ Ke7 39. Qxb8 Rg7 40. Qd6+ Ke8 41. Nxg7# 1-0


[Site "https://www.chess.com"]

[Event "Titled Tuesday Blitz August 02 Late 2022"]
[White "Harshavardhan G B"]
[Black "Perera Alfonso, Rene Humberto"]
[WhiteFideId "25059009"]
[BlackFideId "3514722"]
[WhiteElo "1831"]
[BlackElo "2313"]
[Result "1-0"]
[Round "11"]
[TimeControl "180+1"]
[Date "2022.08.02"]
[WhiteClock "0:00:15"]
[BlackClock "0:00:10"]

1. d4 d5 2. c4 c6 3. Nf3 Nf6 4. Nc3 dxc4 5. a4 Bf5 6. Ne5 Na6 7. e3 Nb4 8. Bxc4 e6 9. O-O Be7 10. Qe2 O-O 11. Rd1 h6 12. e4 Bh7 13. f3 a5 14. Be3 Rc8 15. Rac1 Qc7 16. Bf4 Qb6 17. Kh1 Rfd8 18. Be3 Qc7 19. Bb3 Qb8 20. Qc4 Rf8 21. Qe2 c5 22. Nc4 b6 23. Nb5 cxd4 24. Bxd4 Bc5 25. Be5 Qa8 26. Bd6 Rfd8 27. Bxc5 Rxc5 28. Nxb6 Rxd1+ 29. Qxd1 Rxc1 30. Qxc1 Qb7 31. Nd6 Qb8 32. Qc8+ Qxc8 33. Nbxc8 Nd7 34. Nc4 Nc6 35. N8d6 Nc5 36. Bc2 e5 37. Kg1 Kf8 38. Kf2 Ke7 39. Ke3 f6 40. g3 Bg8 41. f4 Kd7 42. Bd1 Bxc4 43. Nxc4 Kc7 44. fxe5 fxe5 45. h4 g6 46. g4 Ne6 47. Nd2 g5 48. hxg5 hxg5 49. Nf3 Kd6 50. Bb3 Ncd4 51. Bxe6 Nxe6 52. Nd2 Nc5 53. b3 Ke6 54. Ke2 Kf6 55. Kd1 Ke6 56. Kc2 Kf6 57. Kc3 Ke6 58. Kc4 Kd6 59. Kb5 Nd3 60. Kxa5 Nf2 61. Kb5 Nxg4 62. Nf3 Nf2 63. Nxg5 Nxe4 64. Nxe4+ Kd5 65. Ng5 Kd4 66. a5 Kc3 67. a6 Kxb3 68. a7 1-0


[Site "https://www.chess.com"]

[Event "Titled Tuesday Blitz August 02 Late 2022"]
[White "Harvey, Marcus R"]
[Black "Rosen, Eric"]
[WhiteFideId "400092"]
[BlackFideId "2032562"]
[WhiteElo "2485"]
[BlackElo "2362"]
[Result "1/2-1/2"]
[Round "11"]
[TimeControl "180+1"]
[Date "2022.08.02"]
[WhiteClock "0:00:20"]
[BlackClock "0:00:07"]

1. Nf3 d5 2. b3 Nf6 3. Bb2 Bf5 4. Nh4 Bg6 5. d3 Nbd7 6. g3 e6 7. Bg2 a5 8. a3 Be7 9. Nd2 c6 10. Nxg6 hxg6 11. e3 Qb6 12. h4 a4 13. b4 c5 14. c3 Ne5 15. Nf3 Nfd7 16. Nxe5 Nxe5 17. c4 Bf6 18. cxd5 Nf3+ 19. Qxf3 Bxb2 20. dxe6 Bc3+ 21. Ke2 Qxe6 22. Qxb7 O-O 23. Qd5 Qf6 24. Ra2 cxb4 25. axb4 Bxb4 26. h5 g5 27. h6 g6 28. h7+ Kh8 29. Qc4 Rab8 30. Rxa4 Qb2+ 31. Kf3 Qf6+ 32. Ke2 Qb2+ 33. Kf3 Qf6+ 34. Ke2 1/2-1/2


[Site "https://www.chess.com"]